 Dungeon Crawl Stone Soup version 0.31-a0-152-g6aa68a64a1 (webtiles) character file.

Game seed: 10461504864247704846

146 qw the Shooter (level 5, -4/46 HPs)
             Began as a Minotaur Hunter on June 9, 2023.
             Slain by Edmund
             ... wielding a +2 flail of protection
              (6 damage)
             ... on level 4 of the Dungeon.
             The game lasted 00:00:49 (2334 turns).

qw the Shooter (Minotaur Hunter)                    Turns: 2334, Time: 00:00:50

Health: -4/46      AC:  8    Str: 15    XL:     5   Next: 7%
Magic:  4/4        EV: 12    Int:  6    God:
Gold:   219        SH:  0    Dex: 16    Spells: 4/4 levels left

rFire   . . .        Y - +1 shortbow
rCold   . . .        (shield currently unavailable)
rNeg    . . .        e - +2 leather armour {rPois}
rPois   +            (helmet restricted)
rElec   .            h - +1 cloak
rCorr   .            k - +0 pair of gloves
SInv    .            (no boots)
Will    .....        (no amulet)
Stlth   +            (no ring)
HPRegen 0.27/turn    (no ring)
MPRegen 0.09/turn

%: no passive effects
@: no status effects
A: horns 2, retaliatory headbutt
a: no special abilities


You were on level 4 of the Dungeon.
You visited 1 branch of the dungeon, and saw 4 of its levels.

You collected 219 gold pieces.


Innate Abilities, Weirdness & Mutations

You have a pair of horns on your head.
You reflexively headbutt those who attack you in melee.


   Skills:
 + Level 3.9 Fighting
 - Level 6.2 Ranged Weapons
 - Level 1.0 Armour
 - Level 2.1 Dodging
 - Level 0.7 Stealth


You had 4 spell levels left.
You didn't know any spells.
Your spell library was empty.

Inventory:

Hand Weapons
 Y - a +1 shortbow (weapon)
Armour
 e - a +2 leather armour of poison resistance (worn)
 h - a +1 cloak (worn)
 k - a +0 pair of gloves (worn)
Scrolls
 a - a scroll of identify
Potions
 c - a potion of mutation
 f - a potion of haste
 i - a potion of might

Dungeon Overview and Level Annotations

Branches:
Dungeon (4/15)
 Temple: D:4-7

Altars:
Dithmenos
Elyvilon
Qazlal

Annotations:
D:3 1 runed translucent door, Crazy Yiuf
D:4 Edmund


Message History

The arrow hits Edmund but does no damage.
Edmund is moderately wounded.
Edmund closely misses you.
You shoot an arrow.
The arrow hits Edmund but does no damage.
Edmund is moderately wounded.
Edmund hits you with a +2 flail of protection.
You shoot an arrow. The arrow barely misses Edmund.
Edmund hits you with a +2 flail of protection.
You shoot an arrow. The arrow hits Edmund.
Edmund is heavily wounded.
Edmund clears his throat.
Edmund hits you but does no damage.
You shoot an arrow. The arrow barely misses Edmund.
Edmund hits you with a +2 flail of protection.
You shoot an arrow. The arrow hits Edmund!
Edmund is severely wounded.
Edmund misses you. You furiously retaliate!
You headbutt Edmund!
Something unseen opens the door.
You shoot an arrow.
The arrow hits Edmund but does no damage.
Edmund is almost dead.
Edmund hits you but does no damage.
You shoot an arrow.
The arrow hits Edmund but does no damage.
Edmund is almost dead.
Edmund hits you with a +2 flail of protection.
Edmund hits you but does no damage.
You shoot an arrow. The arrow hits Edmund.
Edmund is almost dead.
Edmund hits you with a +2 flail of protection!
You shoot an arrow. The arrow barely misses Edmund.
Edmund hits you with a +2 flail of protection!
You shoot an arrow. The arrow barely misses Edmund.
Edmund hits you with a +2 flail of protection.
You shoot an arrow.
The arrow hits Edmund but does no damage.
Edmund is almost dead.
Edmund hits you with a +2 flail of protection.
You die...

#.#.... #.#..#
# #.#..#
#.#....#
#)#.#..#
###......#
....#.#..#
..........#
###....#@##
.......@?......
.#..##..#######
#.. #..# ##
#..# .... ....
'?...


You could see Edmund.

Vanquished Creatures
  An orc priest (D:3)
  Robin (D:3)
  3 adders (D:2)
  4 orcs (D:3)
  3 bats
  4 endoplasms
  4 giant cockroaches
  18 goblins
  6 hobgoblins
  4 jackals (D:3)
  4 kobolds
  3 quokkas
  3 ball pythons
  3 frilled lizards
  10 rats
71 creatures vanquished.

Notes
Turn   | Place    | Note
-------+----------+-------------------------------------------
     0 | D:1      | qw the Minotaur Hunter began the quest for the Orb.
     0 | D:1      | Reached XP level 1. HP: 18/18 MP: 0/0
     0 | D:1      | 0 ||| qw: Version: 0.2-a-122-gbc61b45
     0 | D:1      | 0 ||| qw: Game counter: 3361
     0 | D:1      | 0 ||| qw: Always use a shield: true
     0 | D:1      | 0 ||| qw: God list: Okawaru
     0 | D:1      | 0 ||| qw: Allow faded altars: false
     0 | D:1      | 0 ||| qw: Do Orc after D:15 true
     0 | D:1      | 0 ||| qw: Do second Lair branch before Depths: true
     0 | D:1      | 0 ||| qw: Lair rune preference: random
     0 | D:1      | 0 ||| qw: Plans: Normal
     0 | D:1      | 0 ||| PLANNING D:1-11
   164 | D:1      | Reached XP level 2. HP: 25/25 MP: 1/1
   224 | D:1      | Reached skill level 5 in Ranged Weapons
   310 | D:1      | Reached skill level 3 in Fighting
   732 | D:1      | 732 ||| READING 3 scrolls labelled CINUAH TOESCHETT.
   733 | D:1      | 733 ||| READING scroll labelled NOTUOG FICHUA.
   734 | D:1      | 734 ||| READING 2 scrolls of identify.
   734 | D:1      | 734 ||| IDENTIFYING ruby potion
   735 | D:1      | 735 ||| DROPPING scroll of butterflies.
   786 | D:2      | Found a shadowy altar of Dithmenos.
   889 | D:2      | Reached XP level 3. HP: 31/31 MP: 2/2
  1167 | D:2      | Found a faded altar of an unknown god.
  1458 | D:2      | 1458 ||| UPGRADING to +2 leather armour of poison
                  | resistance.
  1468 | D:2      | 1468 ||| DROPPING +0 leather armour.
  1469 | D:2      | 1469 ||| UPGRADING to +1 cloak.
  1474 | D:2      | 1474 ||| UPGRADING to +0 pair of gloves.
  1479 | D:2      | 1479 ||| READING scroll labelled QOWUTT QOMUWECAWI.
  1480 | D:2      | 1480 ||| READING scroll labelled XOKAAR TUGGAUK.
  1481 | D:2      | 1481 ||| READING scroll labelled BUPTIESESYI.
  1482 | D:2      | 1482 ||| DRINKING 2 blue potions.
  1483 | D:2      | 1483 ||| READING 3 scrolls of identify.
  1483 | D:2      | 1483 ||| IDENTIFYING black potion
  1484 | D:2      | 1484 ||| READING 2 scrolls of identify.
  1484 | D:2      | 1484 ||| IDENTIFYING fizzy coppery potion
  1485 | D:2      | 1485 ||| DROPPING potion of lignification.
  1524 | D:3      | Reached XP level 4. HP: 38/38 MP: 3/3
  1525 | D:3      | Noticed Robin
  1532 | D:3      | Reached skill level 1 in Armour
  1536 | D:3      | Reached skill level 6 in Ranged Weapons
  1537 | D:3      | HP: 6/38 [goblin/+0 dagger[Robin] (5)]
  1538 | D:3      | 1538 ||| DRINKING potion of heal wounds.
  1542 | D:3      | Killed Robin
  1542 | D:3      | HP: 9/38 [goblin/+0 dagger[Robin] (1)]
  1741 | D:3      | Found a white marble altar of Elyvilon.
  1982 | D:3      | Reached XP level 5. HP: 46/46 MP: 4/4
  2014 | D:3      | Found a stormy altar of Qazlal.
  2240 | D:3      | Found a runed translucent door.
  2241 | D:3      | Noticed Crazy Yiuf
  2244 | D:3      | 2244 ||| READING scroll labelled ZOUTAUVAUCS.
  2245 | D:3      | 2245 ||| READING 2 scrolls of identify.
  2245 | D:3      | 2245 ||| IDENTIFYING murky pink potion
  2310 | D:4      | Noticed Edmund
  2331 | D:4      | HP: 11/46 [Edmund/+2 flail of protection (11)]
  2332 | D:4      | HP: 4/46 [Edmund/+2 flail of protection (7)]
  2334 | D:4      | Slain by Edmund

Levels and vault maps discovered:
D:1:      nzn_arrival_settlement, layout_basic
D:2:      minmay_general_purpose_star, layout_loops_ring,
          shapermc_ecumenical_altar_starsandcircs, basic_altar
D:3:      layout_loops_ring, marbit_many_paths, elyvilon_altar_3,
          uniq_crazy_yiuf_cottage, uniq_robin
D:4:      layout_basic, uniq_edmund, uniq_pikel

Skill      XL: |  1  2  3  4 |
---------------+-------------+-----
Ranged Weapons | 5 6 |  6.2
Fighting       | 3 |  3.9
Armour         | 1 |  1.0
Dodging        | |  2.1
Stealth        | |  0.7

Action                     |  1- 3 |  4- 6 || total
---------------------------+-------+-------++-------
   Fire: Shortbow          |    99 |    78 ||   177
    Use: Scroll            |     8 |     2 ||    10
         Potion            |     1 |     1 ||     2
 Armour: Leather armour    |     7 |    26 ||    33
  Dodge: Dodged            |    17 |    53 ||    70

Table legend:
 A = Non-vault XP
 B = Vault XP
 C = Vault XP percentage of total XP
 D = Non-vault monster count
 E = Vault monster count
 F = Vault count percentage of total count
                 A         B        C        D         E       F
            +---------+---------+-------+---------+---------+-------
      Total |     171 |      38 |  18.2 |      56 |      15 |  21.1
            +---------+---------+-------+---------+---------+-------
        D:1 |      31 |       0 |   0.0 |      19 |       0 |   0.0
        D:2 |      60 |       4 |   6.2 |      16 |       3 |  15.8
        D:3 |      80 |      34 |  29.8 |      21 |      12 |  36.4
            +---------+---------+-------+---------+---------+-------
